 Dungeon Crawl Stone Soup version 0.24.0-125-gc4c63601f3 (webtiles) character file.

Game seed: 3761223117669946576, levelgen mode: deterministic

135 squigot the Chopper (level 4, -4/41 HPs)
             Began as a Minotaur Berserker on Feb 27, 2020.
             Was a Priest of Trog.
             Slain by a gnoll
             ... wielding a cursed +0 halberd
              (9 damage)
             ... on level 3 of the Dungeon.
             The game lasted 00:24:23 (1838 turns).

squigot the Chopper (Minotaur Berserker)            Turns: 1838, Time: 00:24:23

Health: -4/41      AC:  5    Str: 23    XL:     4   Next: 97%
Magic:  3/3        EV: 11    Int:  4    God:    Trog [***...]
Gold:   98         SH:  0    Dex:  9    Spells: 3/3 levels left

rFire    . . .     SeeInvis .   a - +0 hand axe
rCold    . . .     Gourm    .   (no shield)
rNeg     . . .     Faith    .   i - +0 ring mail
rPois    .         Spirit   .   (helmet restricted)
rElec    .         Reflect  .   (no cloak)
rCorr    .         Harm     .   (no gloves)
MR       .....                  (no boots)
Stlth    ..........             (no amulet)
HPRegen  0.13/turn              (no ring)
MPRegen  0.08/turn              (no ring)

@: no status effects
A: retaliatory headbutt, horns 2
a: Berserk, Trog's Hand, Renounce Religion


You were on level 3 of the Dungeon.
You worshipped Trog.
Trog was most pleased with you.
You were very hungry.

You visited 1 branch of the dungeon, and saw 3 of its levels.

You collected 98 gold pieces.

Inventory:

Hand Weapons
 a - a +0 hand axe (weapon)
Missiles
 h - 40 stones (quivered)
Armour
 i - a +0 ring mail (worn)
Jewellery
 d - an uncursed ring of see invisible {unknown}
Scrolls
 e - 5 scrolls of identify {unknown}
 g - 2 scrolls of remove curse {unknown}
 l - a scroll of noise {unknown}
 o - a scroll of fog {unknown}
 p - a scroll of teleportation {unknown}
 r - a scroll of immolation {unknown}
 s - a scroll of amnesia {unknown}
Potions
 b - a potion of invisibility {unknown}
 j - 2 potions of agility {unknown}
 k - a potion of lignification {unknown}
 m - a potion of berserk rage {unknown}
 n - a potion of ambrosia {unknown}
 q - a potion of brilliance {unknown}
Comestibles
 c - 4 rations
 f - 2 chunks of flesh


   Skills:
 + Level 4.3 Fighting
 * Level 5.7 Axes
 - Level 1.1 Throwing
 + Level 2.9 Armour
 + Level 2.4 Dodging


You had 3 spell levels left.
You didn't know any spells.
Your spell library was empty.

Dungeon Overview and Level Annotations

Branches:
Dungeon (3/15)

Altars:
Ashenzari


Innate Abilities, Weirdness & Mutations

You reflexively headbutt those who attack you in melee.
You have a pair of horns on your head.


Message History

You see here a +0 flail.
You see here a throwing net.
You see here a +0 flail.
You see here a throwing net.
You see here a +0 flail.
Some of the chunks of flesh in your inventory have rotted away.
You see here a throwing net.
You see here a +0 flail.
You are feeling very hungry.
You see here a kobold corpse.
The gnoll hits you with a cursed +0 halberd!
* * * LOW HITPOINT WARNING * * *
You closely miss the gnoll. Your headbutt misses the gnoll.
The gnoll hits you with a cursed +0 halberd.
* * * LOW HITPOINT WARNING * * *
Some of the chunks of flesh in your inventory have rotted away.
You hit the gnoll.
The gnoll is lightly wounded.
The gnoll hits you with a cursed +0 halberd!
You die...

#.........##.#
#####.######+######
....).##..........#.......
#####.##..........#.......#
#.##..........#.......#
#.##((........#.......#
#.##..........#%......####
#..'..........g.(.........
####.....)..@g#........#
#########†#..$......#
#...)..(..........#
#...###.....###...#
#...#####_#####...#
#...###.....###...#
#.................#
#............!....#
##########........#


You could see 2 gnolls.

Vanquished Creatures
  2 gnolls (D:3)
  3 adders (D:2)
  An ooze (D:2)
  4 worms
  4 dart slugs
  6 leopard geckos
  4 giant cockroaches
  5 goblins
  6 hobgoblins
  A quokka (D:2)
  6 bats
  3 frilled lizards (D:1)
  11 kobolds
  8 rats
64 creatures vanquished.

Notes
Turn   | Place    | Note
-------+----------+-------------------------------------------
     0 | D:1      | squigot the Minotaur Berserker began the quest for the Orb.
     0 | D:1      | Reached XP level 1. HP: 19/19 MP: 0/0
   233 | D:1      | Reached skill level 4 in Axes
   254 | D:1      | Reached XP level 2. HP: 19/27 MP: 1/1
   755 | D:1      | Reached ** piety under Trog
   988 | D:2      | Reached XP level 3. HP: 33/33 MP: 2/2
  1120 | D:2      | Reached skill level 1 in Throwing
  1129 | D:2      | Reached skill level 5 in Axes
  1136 | D:2      | Reached XP level 4. HP: 28/40 MP: 3/3
  1536 | D:3      | Reached *** piety under Trog
  1619 | D:3      | Found a shattered altar of Ashenzari.
  1664 | D:3      | HP: 2/41 [gnoll/cursed +0 halberd (3)]
  1838 | D:3      | Slain by a gnoll

Levels and vault maps discovered:
D:1:      wander_arrival_desolate, layout_loops_corners, lemuel_flame_loot_1
D:2:      layout_rooms
D:3:      layout_basic, cheibrodos_ashenzari_chains, first_ration, uniq_jessica

Skill      XL: |  1  2  3 |
---------------+----------+-----
Axes           | 4 5 |  5.7
Fighting       | 4 |  4.3
Throwing       | 1 |  1.1
Armour         | |  2.9
Dodging        | |  2.4

Action                   |  1- 3 |  4- 6 || total
-------------------------+-------+-------++-------
Melee: Hand axe          |    75 |    71 ||   146
       Headbutt          |     8 |    13 ||    21
Throw: Stone             |    19 |     1 ||    20
  Eat: Chunk             |     1 |     1 ||     2
Armor: Animal skin       |     3 |       ||     3
       Ring mail         |    19 |    18 ||    37
Dodge: Dodged            |    40 |    44 ||    84
